 Dungeon Crawl Stone Soup version 0.30.1 (webtiles) character file.

Game seed: 12390889942932373984

3 javelincjr the Caller (level 1, 0/13 HPs)
             Began as a Demonspawn Summoner on July 7, 2023.
             Slain by a kobold
             ... wielding a +0 club
              (4 damage)
             ... on level 1 of the Dungeon.
             The game lasted 00:02:13 (374 turns).

javelincjr the Caller (Demonspawn Summoner)          Turns: 374, Time: 00:02:14

Health: 0/13       AC:  2    Str:  8    XL:     1   Next: 41%
Magic:  0/3        EV: 12    Int: 16    God:
Gold:   25         SH:  0    Dex: 13    Spells: 3/4 levels left

rFire   . . .        (no weapon)
rCold   . . .        (no shield)
rNeg    . . .        a - +0 robe
rPois   .            (no helmet)
rElec   .            (no cloak)
rCorr   .            (no gloves)
SInv    .            (no boots)
Will    .....        (no amulet)
Stlth   ++           (no ring)
HPRegen 0.22/turn    (no ring)
MPRegen 0.08/turn

%: no passive effects
@: no status effects
A: no striking features
a: no special abilities


You were on level 1 of the Dungeon.
You visited 1 branch of the dungeon, and saw 1 of its levels.

You collected 25 gold pieces.

Inventory:

Armour
 a - a +0 robe (worn)
Scrolls
 d - a scroll of vulnerability {unknown}
 e - a scroll of identify {unknown}
 f - 2 scrolls of noise {unknown}
 g - a scroll of fog {unknown}
Potions
 b - a potion of magic
 c - a potion of curing {unknown}


   Skills:
 + Level 1.8 Dodging
 + Level 1.9 Stealth
 + Level 2.0 Spellcasting
 + Level 4.0 Summonings


You had 3 spell levels left.
You knew the following spells:

 Your Spells              Type           Power      Damage    Failure   Level
a - Summon Small Mammal   Summ           56%        N/A       4%          1

Your spell library contained the following spells:

 Spells                   Type           Power      Damage    Failure   Level
 Call Imp                 Summ           28%        N/A       6%          2
 Call Canine Familiar     Summ           14%        N/A       12%         3
 Summon Guardian Golem    Hex/Summ       8%         N/A       26%         3
 Summon Lightning Spire   Summ/Air       8%         N/A       65%         4


Dungeon Overview and Level Annotations

Branches:
Dungeon (1/15)

Altars:


Message History

You kill the kobold!
Your bat hits the kobold but does no damage.
The kobold closely misses you.
You closely miss the kobold.
Your bat closely misses the kobold.
The kobold hits you with a +0 club.
Your rat bites the kobold but does no damage.
Your bat hits the kobold. You miss the kobold.
The kobold is moderately wounded.
Your bat hits the kobold but does no damage.
Your bat barely misses the kobold.
The kobold hits you with a +0 club.
Your rat completely misses the kobold.
You closely miss the kobold.
The kobold is moderately wounded.
Your bat closely misses the kobold.
Your bat hits the kobold but does no damage.
The kobold barely misses you.
Your rat bites the kobold.
Your bat hits the kobold but does no damage.
You closely miss the kobold.
The kobold is severely wounded.
Your bat misses the kobold. The kobold hits you with a +0 club.
* * * LOW HITPOINT WARNING * * *
Your rat barely misses the kobold.
Your bat barely misses the kobold.
Your rat closely misses the kobold.
You hit the kobold but do no damage.
The kobold is heavily wounded.
Your bat barely misses the kobold.
The kobold hits you but does no damage.
Your rat closely misses the kobold.
You closely miss the kobold.
The kobold is moderately wounded.
The kobold closely misses you.
Your rat barely misses the kobold.
Your bat closely misses the kobold.
You hit the kobold.
The kobold is heavily wounded.
Your bat closely misses the kobold.
The kobold barely misses you.
Your rat barely misses the kobold.
You closely miss the kobold.
The kobold is heavily wounded.
The kobold hits you with a +0 club.
You die...

#.# #.# #.# #
#.###.#...
#.......#
####.##.###
#.....## #.
#####.##...# #.
#.....##.#@## #.
#.........Kr# #.##
#.#########b.......
#..# #...#
......... ####...
#.#.# .#........
+...... #.#.#
#.#........ ##...
#.#.# # #........
#... ##.#.#
#.......# ##.#
#..#.# #..#...##
#.#


You could see a kobold (ally target), a friendly bat (summoned) and a friendly
rat (summoned).

Vanquished Creatures
  A bat (D:1)
  A kobold (D:1)
2 creatures vanquished.

Vanquished Creatures (collateral kills)
  A giant cockroach (D:1)
  A bat (D:1)
2 creatures vanquished.

Grand Total: 4 creatures vanquished

Notes
Turn   | Place    | Note
-------+----------+-------------------------------------------
     0 | D:1      | javelincjr the Demonspawn Summoner began the quest for the
                  | Orb.
     0 | D:1      | Reached XP level 1. HP: 13/13 MP: 3/3
   374 | D:1      | Slain by a kobold

Illustrated notes

Levels and vault maps discovered:
D:1:      ldierk_walled_garden, layout_loops_corners,
          chequers_ecumenical_altar_grove, serial_shops,
          nicolae_shop_statue_plus, minivault_27

Action                     || total
---------------------------++-------
  Melee: Unarmed           ||    35
         Punch             ||     1
   Cast: Summon Small Mamm ||    12
 Armour: Robe              ||     9
  Dodge: Dodged            ||    31
